 Dungeon Crawl Stone Soup version 0.29.1-1-gd02db6906a (webtiles) character file.

Game seed: 13825025165807865021

1721 nshep25 the Twirler (level 9, -7/54 HPs)
             Began as a Tengu Monk on Oct 19, 2022.
             Was a Believer of Wu Jian.
             Killed from afar by a steam dragon (17 damage)
             ... with a ball of steam
             ... on level 7 of the Dungeon.
             The game lasted 00:22:52 (9132 turns).

nshep25 the Twirler (Tengu Monk)                    Turns: 9132, Time: 00:22:53

Health: -7/54      AC:  3    Str: 15    XL:     9   Next: 4%
Magic:  10/10      EV: 17    Int: 12    God:    Wu Jian [**....]
Gold:   278        SH:  0    Dex: 16    Spells: 8/8 levels left

rFire   . . .      SeeInvis .   a - +0 quarterstaff
rCold   . . .      Faith    .   (shield currently unavailable)
rNeg    . . .      Spirit   .   q - +0 leather armour
rPois   .          Reflect  .   (helmet restricted)
rElec   .          Harm     .   (no cloak)
rCorr   +          Rampage  .   (no gloves)
Will    .....                   (boots unavailable)
Stlth   +++.......              (no amulet)
HPRegen 0.18/turn               m - ring of resist corrosion
MPRegen 0.12/turn               (no ring)

@: flying quickly and evasively, quick
A: beak, talons 3, nimble flight
a: Renounce Religion, Wall Jump


You were on level 7 of the Dungeon.
You worshipped Wu Jian.
Wu Jian was pleased with you.
You visited 2 branches of the dungeon, and saw 8 of its levels.

You collected 311 gold pieces.
You spent 33 gold pieces at shops.

Inventory:

Hand Weapons
 a - a +0 quarterstaff (weapon)
 b - a +0 shortbow
Missiles
 r - 2 atropa-tipped darts
 w - 12 poisoned darts (quivered)
 J - a curare-tipped dart
Armour
 q - a +0 leather armour (worn)
Jewellery
 k - a ring of magical power
 m - a ring of resist corrosion (left hand)
Wands
 C - a wand of polymorph (13)
Scrolls
 d - 7 scrolls of identify {unknown}
 f - 2 scrolls of immolation
 g - 3 scrolls of enchant weapon {unknown}
 l - a scroll of silence {unknown}
 p - a scroll of fog {unknown}
 s - 2 scrolls of noise {unknown}
 t - a scroll of summoning {unknown}
 v - 2 scrolls of poison {unknown}
 x - 4 scrolls of teleportation {unknown}
 y - 4 scrolls of torment {unknown}
 B - a scroll of brand weapon {unknown}
 E - a scroll of amnesia {unknown}
 F - a scroll of enchant armour {unknown}
 G - a scroll of fear {unknown}
 H - a scroll of vulnerability {unknown}
 K - a scroll of blinking {unknown}
Potions
 e - 2 potions of attraction {unknown}
 h - a potion of brilliance {unknown}
 i - 3 potions of curing
 j - a potion of flight {unknown}
 n - 2 potions of might {unknown}
 o - a potion of heal wounds {unknown}
 z - a potion of berserk rage {unknown}
 A - 2 potions of lignification {unknown}
 I - a potion of haste {unknown}
 L - a potion of mutation {unknown}


   Skills:
 + Level 5.4 Fighting
 + Level 4.3(6.3) Polearms
 + Level 7.2(7.8) Staves
 + Level 1.2 Ranged Weapons
 + Level 4.4 Armour
 + Level 5.5 Dodging
 + Level 4.6 Stealth


You had 8 spell levels left.
You didn't know any spells.
Your spell library contained the following spells:

 Spells                   Type           Power      Damage    Failure   Level
 Blink                    Tloc           0%         N/A       52%         2
 Lesser Beckoning         Tloc           0%         N/A       77%         3
 Manifold Assault         Tloc           0%         N/A       100%        5


Dungeon Overview and Level Annotations

Branches:
Dungeon (7/15)             Temple (1/1) D:6

Altars:
Ashenzari
Dithmenos
Elyvilon
Fedhas
Gozag
Hepliaklqana
Kikubaaqudgha
Makhleb
Okawaru
Qazlal
Ru
Trog
Uskayaw
Vehumet
Wu Jian
Xom
Yredelemnul
Zin
The Shining One

Shops:
D:2 !

Annotations:
D:3 Sigmund
D:6 1 runed translucent door, miserystealer's ghost, novice DrTm


Innate Abilities, Weirdness & Mutations

You have a beak for a mouth.
You have claws for feet.
Your magical nature lets you fly swiftly and evasively.


Message History

The steam dragon completely misses you.
The steam dragon claws you but does no damage.
You hit the steam dragon but do no damage.
You claw the steam dragon.
The steam dragon is severely wounded.
The steam dragon bites you. The steam dragon barely misses you.
You spin and attack the steam dragon.
You hit the steam dragon. Your kick misses the steam dragon.
The steam dragon is severely wounded.
The steam dragon bites you!
The steam dragon claws you but does no damage.
Aiming: Wall Jump
Press: ? - help, Dir - move target You repeatedly attack the steam dragon from above.
You sock the steam dragon!
You peck the steam dragon, but do no damage.
The steam dragon is almost dead.
You barely miss the steam dragon.
The steam dragon is almost dead.
The steam dragon bites you but does no damage.
The steam dragon claws you but does no damage.
The steam dragon breathes steam at you. The ball of steam hits you!
* * * LOW HITPOINT WARNING * * *
You hear an angry buzzing noise. x2; You hear a shout!
You hear an angry buzzing noise.
You hear a shout!
You hear an angry buzzing noise.
You hear a shout! x4
Aiming: Wall Jump
Press: ? - help, Dir - move target You lunge at the steam dragon.
You barely miss the steam dragon. Your kick misses the steam dragon.
Your peck misses the steam dragon.
The steam dragon is almost dead.
A killer bee comes into view.
The steam dragon closely misses you.
The steam dragon claws you but does no damage.
You closely miss the steam dragon.
The steam dragon is almost dead.
The steam dragon breathes steam at you. The ball of steam hits you!
You die...

.#### .
.....#########....
#........[.....
####.....y####....
#.................
...##...D.....####
#...@...#.#
#..<...##...
#.......# ....
#.##.#### ... #.
#.# . .. #.# ##
#$# #.# #.#


You could see a steam dragon (catching breath) and a killer bee (wandering).

Vanquished Creatures
  Menkaure (D:5)
  3 black bears
  5 centaurs (D:6)
  2 ogres
  A phantom (D:2)
  A kobold brigand (D:6)
  2 necrophages
  2 scorpions
  2 jellies (D:5)
  An orc priest (D:5)
  4 hounds
  Terence (D:2)
  An orc wizard (D:6)
  Robin (D:3)
  4 adders
  An ufetubus (D:4)
  A worm (D:2)
  A dart slug (D:3)
  9 orcs
  A bat (D:2)
  4 endoplasms
  7 hobgoblins
  4 jackals
  3 quokkas
  7 ball pythons
  A frilled lizard (D:3)
  13 goblins
  15 kobolds
  5 rats
103 creatures vanquished.

Notes
Turn   | Place    | Note
-------+----------+-------------------------------------------
     0 | D:1      | nshep25 the Tengu Monk began the quest for the Orb.
     0 | D:1      | Reached XP level 1. HP: 14/14 MP: 2/2
   278 | D:1      | Reached XP level 2. HP: 17/19 MP: 3/3
  1110 | D:2      | Found Seikarr's Distillery.
  1120 | D:2      | Reached XP level 3. HP: 23/23 MP: 4/4
  1130 | D:2      | Bought a potion of curing for 33 gold pieces
  1179 | D:2      | Noticed Terence
  1195 | D:2      | Killed Terence
  1408 | D:2      | Reached XP level 4. HP: 12/28 MP: 5/5
  1735 | D:2      | Noticed a phantom
  1752 | D:2      | Killed a phantom
  1753 | D:2      | Gained mutation: Your magical nature lets you fly swiftly
                  | and evasively. [Tengu growth]
  1753 | D:2      | Reached XP level 5. HP: 4/33 MP: 6/6
  2222 | D:3      | Noticed Sigmund
  2860 | D:3      | Noticed Robin
  2890 | D:3      | HP: 1/33 [hobgoblin (5)]
  2900 | D:3      | Killed Robin
  2901 | D:3      | Reached skill level 1 in Staves
  3606 | D:4      | Reached skill level 1 in Armour
  3680 | D:4      | Noticed a black bear
  3989 | D:4      | Killed a black bear
  3990 | D:4      | Reached skill level 2 in Staves
  3990 | D:4      | Reached XP level 6. HP: 30/38 MP: 7/7
  4420 | D:5      | Entered Level 5 of the Dungeon
  4435 | D:5      | Noticed Menkaure
  4443 | D:5      | Killed Menkaure
  4444 | D:5      | Reached skill level 3 in Staves
  4444 | D:5      | Reached XP level 7. HP: 11/43 MP: 8/8
  5117 | D:5      | Reached skill level 4 in Staves
  6208 | D:6      | Found a blossoming altar of Fedhas.
  6220 | D:6      | Found a staircase to the Ecumenical Temple.
  6227 | Temple   | Entered the Ecumenical Temple
  6227 | Temple   | Found a transporter.
  6227 | Temple   | Found a transporter.
  6315 | Temple   | Found a transporter.
  6315 | Temple   | Found a transporter.
  6335 | Temple   | Became a worshipper of the Wu Jian Council
  6335 | Temple   | Reached * piety under Wu Jian
  6335 | Temple   | Reached ** piety under Wu Jian
  6389 | D:6      | Reached XP level 8. HP: 22/48 MP: 9/9
  6630 | D:6      | Reached skill level 5 in Staves
  7067 | D:6      | Reached skill level 6 in Staves
  7382 | D:6      | Reached skill level 5 in Fighting
  7382 | D:6      | Reached skill level 5 in Dodging
  8275 | D:6      | Reached skill level 7 in Staves
  8275 | D:6      | Reached skill level 1 in Ranged Weapons
  8329 | D:6      | Found a burning altar of Makhleb.
  8735 | D:6      | Found a runed translucent door.
  8735 | D:6      | Noticed a wraith
  8735 | D:6      | Noticed miserystealer's ghost (novice DrTm)
  8740 | D:6      | Reached XP level 9. HP: 49/54 MP: 10/10
  9132 | D:7      | Killed from afar by a steam dragon

Illustrated notes

Levels and vault maps discovered:
D:1:      lemuel_arrival_tunnels, layout_basic
D:2:      layout_basic, serial_shops, nicolae_diamond_shop, uniq_terence
D:3:      layout_basic, chequers_serial_rivers_micro_a,
          kennysheep_generic_room_5, uniq_robin, uniq_sigmund
D:4:      layout_basic, minivault_4
D:5:      layout_layer_cave, uniq_menkaure
D:6:      nicolae_whirlpool, layout_basic, nicolae_overflow_hidden_temple,
          mainiacjoe_overflow_alcove_1, minmay_temple_entry_mini_moons,
          ebering_ghost_inner_flame
D:7:      layout_rooms, kennysheep_orc_sif_temple, uniq_maggie, uniq_joseph
Temple:   hellmonk_temple_divided_pantheon

Skill      XL: |  1  2  3  4  5  6  7  8 |
---------------+-------------------------+-----
Polearms       | 4 |  4.3
Dodging        | 4 5 |  5.5
Stealth        | 3 4 |  4.6
Staves         | 2 3 4 7 |  7.2
Armour         | 2 3 4 |  4.4
Fighting       | 4 5 |  5.4
Ranged Weapons | 1 |  1.2

Action                   |  1- 3 |  4- 6 |  7- 9 || total
-------------------------+-------+-------+-------++-------
Melee: Spear             |    79 |    30 |       ||   109
       Kick              |    13 |    34 |    53 ||   100
       Peck              |     7 |    19 |    28 ||    54
       Quarterstaff      |       |    90 |   155 ||   245
 Fire: Shortbow          |       |       |     4 ||     4
Invok: Whirlwind         |       |       |    22 ||    22
       Lunge             |       |       |    11 ||    11
 Abil: Wall Jump         |       |       |     7 ||     7
  Use: Potion            |       |     3 |       ||     3
 Stab: Sleeping          |     6 |     6 |     3 ||    15
       Distracted        |     1 |       |       ||     1
Armor: Robe              |     9 |       |       ||     9
       Leather armour    |       |    23 |    39 ||    62
       Ring mail         |       |     8 |       ||     8
Dodge: Dodged            |    32 |   106 |   190 ||   328
